Match 40064942
Unlisted

Match 40064942
End
Royal Engineer Section
Construct Section Command Post
Dingo Light Scout Car
Selects Canadian Shock Battlegroup
Vickers Machine Gun Team
Construct Platoon Command Post
Selects Attacking Spirit
Selects Canadian Shock Section
Canadian Shock Section
Infantry Training
Canadian Shock Section
Selects Incendiary Munitions
Canadian Shock Section
Canadian Shock Section
Selects Pyrotechnics
Construct Company Command Post
Unlock M3 Grant Medium Tanks
M3 Grant Medium Tank
Armored Vehicle Training
M3 Grant Medium Tank
Selects Churchill Crocodile Heavy Tank
Selects Point Assault
^3
DIV 250 BigBoss
atank
Demi
0
0

Comments sign in to comment!

No comments posted yet!